 Dungeon Crawl Stone Soup version 0.31.0-32-g396128a36d (webtiles) character file.

Game seed: 338951118517679233

1021 unlimited1921 the Chopper (level 8, -14/67 HPs)
             Began as a Gnoll Cinder Acolyte on Mar 13, 2024.
             Was a Believer of Ignis.
             Demolished by a gargoyle
             ... wielding a +0 morningstar
              (20 damage)
             ... on level 4 of the Dungeon.
             The game lasted 00:26:57 (7571 turns).

unlimited1921 the Chopper (Gnoll Cinder Acolyte)    Turns: 7571, Time: 00:26:57

Health: -14/67     AC: 12    Str: 13    XL:     8   Next: 22%
Magic:  3/14       EV: 17    Int: 17    God:    Ignis [**....]
Gold:   208        SH:  0    Dex:  7    Spells: 2/15 levels left

rFire   + . .        a - -1 hand axe (flame)
rCold   . . .        (no shield)
rNeg    . . .        b - +0 robe
rPois   .            e - +0 helmet
rElec   .            s - +0 cloak
rCorr   .            q - +0 pair of gloves
SInv    .            (no boots)
Will    .....        (no amulet)
Stlth   ++           m - +5 ring of evasion
HPRegen 0.31/turn    (no ring)
MPRegen 0.14/turn

%: no passive effects
@: fiery-armoured
A: fangs 1, strong nose, distributed training
a: Renounce Religion, Fiery Armour, Foxfire Swarm, Rising Flame


You were on level 4 of the Dungeon.
You worshipped Ignis.
Ignis was pleased with you.
You visited 2 branches of the dungeon, and saw 6 of its levels.

You collected 208 gold pieces.

Inventory:

Hand Weapons
 a - a -1 hand axe of flaming (weapon)
 o - a +2 dagger of venom
 y - a +1 whip of flaming
Missiles
 u - 6 poisoned darts (quivered)
Armour
 b - a +0 robe (worn)
 e - a +0 helmet (worn)
 q - a +0 pair of gloves (worn)
 r - a +0 ring mail
 s - a +0 cloak (worn)
 t - a +2 robe of cold resistance
 x - a +0 chain mail
 z - a +0 leather armour
 D - a +0 helmet
Jewellery
 d - an amulet of guardian spirit
 m - a +5 ring of evasion (left hand)
Talismans
 p - a granite talisman
Wands
 B - a wand of polymorph (7)
Scrolls
 f - 2 scrolls of immolation {unknown}
 h - a scroll of silence {unknown}
 k - a scroll of poison
 l - a scroll of revelation
 A - a scroll of amnesia {unknown}
Potions
 c - a potion of resistance {unknown}
 g - 2 potions of curing {unknown}
 i - a potion of heal wounds
 j - a potion of mutation
 n - a potion of cancellation {unknown}
 v - 2 potions of haste {unknown}
 w - 2 potions of degeneration {unknown}
 C - a potion of attraction {unknown}


   Skills:
 + Level 7.3 Fighting
 + Level 3.2 Short Blades
 + Level 3.2 Long Blades
 + Level 7.3 Axes
 + Level 3.2 Maces & Flails
 + Level 3.2 Polearms
 + Level 3.2 Staves
 + Level 3.2 Ranged Weapons
 + Level 3.2 Throwing
 + Level 3.2 Armour
 + Level 3.2 Dodging
 + Level 3.2 Stealth
 + Level 3.2 Shields
 + Level 3.2 Unarmed Combat
 + Level 4.3 Spellcasting
 + Level 2.6 Conjurations
 + Level 2.6 Hexes
 + Level 2.6 Summonings
 + Level 2.6 Necromancy
 + Level 2.6 Translocations
 + Level 6.1 Fire Magic
 + Level 2.6 Ice Magic
 + Level 2.6 Air Magic
 + Level 2.6 Earth Magic
 + Level 2.6 Alchemy
 + Level 3.5 Invocations
 + Level 3.2 Evocations
 + Level 2.9 Shapeshifting


You had 2 spell levels left.
You knew the following spells:

 Your Spells              Type           Power      Damage    Failure   Level
a - Tukima's Dance        Hex            12%        N/A       16%         3
b - Scorch                Fire           48%        2d7       1%          2
c - Ensorcelled Hibernat  Hex/Ice        24%        N/A       8%          2
d - Sigil of Binding      Hex            12%        N/A       16%         3
e - Swiftness             Air            12%        N/A       16%         3

Your spell library contained the following spells:

 Spells                   Type           Power      Damage    Failure   Level
 Jinxbite                 Hex            24%        N/A       8%          2
 Passwall                 Erth           12%        N/A       16%         3
 Passage of Golubria      Tloc           12%        N/A       45%         4
 Yara's Violent Unravell  Hex/Alch       6%         3d5       82%         5


Dungeon Overview and Level Annotations

Branches:
Dungeon (5/15)             Temple (1/1) D:4

Altars:
Cheibriados
Dithmenos
Elyvilon
Fedhas
Nemelex Xobeh
Okawaru
Qazlal
Uskayaw
Vehumet
Wu Jian
Xom
Zin
The Shining One

Annotations:
D:3 2 transporters, Fractals's ghost, amateur GrRe


Innate Abilities, Weirdness & Mutations

You have very sharp teeth.
Your uncanny sense of smell can sniff out nearby items.
Your experience applies equally to all skills.


Message History

Confirm with . or Enter, or press ? or * to list all spells.
Flames lash the gargoyle.
The gargoyle is burned terribly!
The gargoyle is moderately damaged.
The gargoyle hurls a stone arrow at you.
The stone arrow hits you.
Casting: Scorch (safe; 1% risk of failure)
Confirm with . or Enter, or press ? or * to list all spells.
Flames lash the gargoyle but do no damage.
The gargoyle hits you with a +0 morningstar.
Casting: Scorch (safe; 1% risk of failure)
Confirm with . or Enter, or press ? or * to list all spells.
Flames lash the gargoyle but do no damage.
The gargoyle hits you with a +0 morningstar!!
Casting: Scorch (safe; 1% risk of failure)
Confirm with . or Enter, or press ? or * to list all spells.
Flames lash the gargoyle but do no damage.
The gargoyle closely misses you.
You hit the gargoyle but do no damage. Your punch misses the gargoyle.
You bite the gargoyle, but do no damage.
The gargoyle is moderately damaged.
The gargoyle hurls a stone arrow at you.
The stone arrow misses you.
You hit the gargoyle but do no damage.
The gargoyle is moderately damaged.
The gargoyle is no longer more vulnerable to fire.
The gargoyle completely misses you.
You closely miss the gargoyle.
The gargoyle is moderately damaged.
The gargoyle hurls a stone arrow at you.
The stone arrow hits you! The gargoyle attacks as it pursues you!
The gargoyle hits you with a +0 morningstar.
The gargoyle hurls a stone arrow at you.
The stone arrow hits you!!
* * * LOW HITPOINT WARNING * * *
A protective cloak of flame settles atop you.
The gargoyle attacks as it pursues you! The gargoyle completely misses you.
The gargoyle attacks as it pursues you!
The gargoyle hits you with a +0 morningstar!!
You die...

## #....##........).......##....#
.###..##......#...##...........##
...#......##...#..##...####..#..#
##......#####......#....###..###.
###....## #............###.# ##
##.#...## ##...............## #
#.####..####................###
###..# ##...............##.......
#....## #..##...@9..<###.......#.
...#..###.###...#....###.#...#.##
#..##..##.##..###..##..#..#.#...#
##.####...#.####...###.....>.....
#.# ##^....# #....# ###..#.#..#.
#.###.....## #.#..# #.#...#...
##.##....#.####.##.#####.........
##.#.....####...##...............
........###...⌠..#...............


You could see a gargoyle.

Vanquished Creatures
  Grinder (D:3)
  A water moccasin (D:4)
  Blork the orc (D:3)
  3 scorpions (D:4)
  2 gnoll boudas (D:4)
  2 hounds
  3 orc priests
  A sleepcap (D:4)
  An orc wizard (D:5)
  12 adders
  4 dart slugs
  9 orcs
  4 bats
  7 endoplasms
  5 giant cockroaches
  11 hobgoblins
  6 jackals (D:2)
  8 quokkas
  11 ball pythons
  A frilled lizard (D:1)
  6 goblins
  5 kobolds
  4 rats
108 creatures vanquished.

Vanquished Creatures (collateral kills)
  An orc (D:5)
1 creature vanquished.

Vanquished Creatures (others)
  A dancing weapon (D:4)
  10 foxfires (D:5)
11 creatures vanquished.

Grand Total: 120 creatures vanquished

Notes
Turn   | Place    | Note
-------+----------+-------------------------------------------
     0 | D:1      | unlimited1921 the Gnoll Cinder Acolyte began the quest for
                  | the Orb.
     0 | D:1      | Reached XP level 1. HP: 23/23 MP: 4/4
   291 | D:1      | Reached XP level 2. HP: 29/29 MP: 5/5
  1133 | D:1      | Reached XP level 3. HP: 35/35 MP: 7/7
  1330 | D:2      | Reached skill level 1 in Invocations
  1422 | D:2      | Reached skill level 1 in Short Blades
  1422 | D:2      | Reached skill level 1 in Long Blades
  1422 | D:2      | Reached skill level 1 in Maces & Flails
  1422 | D:2      | Reached skill level 1 in Polearms
  1422 | D:2      | Reached skill level 1 in Staves
  1422 | D:2      | Reached skill level 1 in Ranged Weapons
  1422 | D:2      | Reached skill level 1 in Throwing
  1422 | D:2      | Reached skill level 1 in Armour
  1422 | D:2      | Reached skill level 1 in Dodging
  1422 | D:2      | Reached skill level 1 in Stealth
  1422 | D:2      | Reached skill level 1 in Shields
  1422 | D:2      | Reached skill level 1 in Unarmed Combat
  1422 | D:2      | Reached skill level 1 in Evocations
  1457 | D:2      | Reached skill level 1 in Shapeshifting
  1457 | D:2      | Reached XP level 4. HP: 41/41 MP: 8/8
  1815 | D:2      | Learned a level 3 spell: Tukima's Dance
  1818 | D:2      | Learned a level 2 spell: Scorch
  1855 | D:2      | Reached skill level 1 in Conjurations
  1855 | D:2      | Reached skill level 1 in Hexes
  1855 | D:2      | Reached skill level 1 in Summonings
  1855 | D:2      | Reached skill level 1 in Necromancy
  1855 | D:2      | Reached skill level 1 in Translocations
  1855 | D:2      | Reached skill level 1 in Ice Magic
  1855 | D:2      | Reached skill level 1 in Air Magic
  1855 | D:2      | Reached skill level 1 in Earth Magic
  1855 | D:2      | Reached skill level 1 in Alchemy
  2477 | D:3      | Reached XP level 5. HP: 43/47 MP: 9/9
  2811 | D:3      | Noticed Grinder
  2816 | D:3      | Found a transporter.
  2841 | D:3      | Found a transporter.
  2861 | D:3      | Noticed Fractals's ghost (amateur GrRe)
  3002 | D:3      | Found a shimmering altar of Xom.
  3017 | D:3      | Paralysed by Grinder for 3 turns
  3027 | D:3      | Paralysed by Grinder for 5 turns
  3066 | D:3      | Paralysed by Grinder for 5 turns
  3839 | D:4      | Noticed Blork the orc
  3897 | D:3      | Killed Blork the orc
  3898 | D:3      | Reached XP level 6. HP: 8/53 MP: 0/11
  4107 | D:3      | Paralysed by Grinder for 2 turns
  4120 | D:3      | Killed Grinder
  4121 | D:3      | Reached XP level 7. HP: 57/60 MP: 2/12
  5263 | D:4      | Got the Parchment of the Jinx
  5267 | D:4      | Learned a level 2 spell: Ensorcelled Hibernation
  5271 | D:4      | Learned a level 3 spell: Sigil of Binding
  5649 | D:4      | Found a staircase to the Ecumenical Temple.
  5662 | Temple   | Entered the Ecumenical Temple
  7323 | D:5      | Entered Level 5 of the Dungeon
  7394 | D:5      | Reached XP level 8. HP: 63/67 MP: 4/14
  7394 | D:5      | Noticed a gargoyle
  7548 | Temple   | Learned a level 3 spell: Swiftness
  7571 | D:4      | Demolished by a gargoyle

Illustrated notes

Levels and vault maps discovered:
D:1:      erik_arrival_cave_to_civilisation [erik_arrival_cave_to_hall],
          layout_basic
D:2:      layout_loops_cross
D:3:      layout_basic, overflow_temple_1_default, gammafunk_ghost_stat_death,
          corner_web_ring, uniq_grinder
D:4:      minmay_skewed_foursquare, layout_layer_cave,
          minmay_temple_entry_crystal_x, grunt_ministairs_3, minmay_mini_jars,
          uniq_blork_the_orc
D:5:      layout_rooms, makhleb_heckhound_becter, hangedman_decor_points,
          uniq_ijyb, uniq_sigmund
Temple:   nicolae_temple_no_exploring_needed

Skill      XL: |  1  2  3  4  5  6  7 |
---------------+----------------------+-----
Invocations    | 1 2 3 |  3.5
Short Blades   | 1 2 3 |  3.2
Long Blades    | 1 2 3 |  3.2
Maces & Flails | 1 2 3 |  3.2
Polearms       | 1 2 3 |  3.2
Staves         | 1 2 3 |  3.2
Ranged Weapons | 1 2 3 |  3.2
Throwing       | 1 2 3 |  3.2
Armour         | 1 2 3 |  3.2
Dodging        | 1 2 3 |  3.2
Stealth        | 1 2 3 |  3.2
Shields        | 1 2 3 |  3.2
Unarmed Combat | 1 2 3 |  3.2
Evocations     | 1 2 3 |  3.2
Spellcasting   | 3 4 |  4.3
Shapeshifting  | 1 2 |  2.9
Conjurations   | 1 2 |  2.6
Hexes          | 1 2 |  2.6
Summonings     | 1 2 |  2.6
Necromancy     | 1 2 |  2.6
Translocations | 1 2 |  2.6
Ice Magic      | 1 2 |  2.6
Air Magic      | 1 2 |  2.6
Earth Magic    | 1 2 |  2.6
Alchemy        | 1 2 |  2.6
Fighting       | 7 |  7.3
Axes           | 7 |  7.3
Fire Magic     | 6 |  6.1

Action                     |  1- 3 |  4- 6 |  7- 9 || total
---------------------------+-------+-------+-------++-------
  Melee: Hand axe          |    72 |   112 |   133 ||   317
         Bite              |     4 |     7 |    19 ||    30
         Punch             |       |     1 |     1 ||     2
         Unarmed           |       |       |     1 ||     1
   Cast: Scorch            |       |    21 |    36 ||    57
         Tukima's Dance    |       |     2 |     2 ||     4
         Sigil of Binding  |       |       |     6 ||     6
 Invoke: Fiery Armour      |     2 |     3 |     2 ||     7
         Foxfire Swarm     |       |       |     1 ||     1
    Use: Scroll            |       |     3 |     1 ||     4
   Stab: Sleeping          |       |     5 |     2 ||     7
 Armour: Robe              |    57 |    83 |    70 ||   210
  Dodge: Dodged            |    43 |    98 |   150 ||   291
